 Dungeon Crawl Stone Soup version 0.27-a0-797-g27d10ad80f (webtiles) character file.

Game seed: 17366246717569687018

17088 Hasart the Cudgeller (level 11, -2/92 HPs)
             Began as a Demigod Fighter on Mar 27, 2021.
             Slain by an orc warrior
             ... wielding a +0 long sword
              (12 damage)
             ... on level 2 of the Orcish Mines.
             The game lasted 00:33:20 (14585 turns).

Hasart the Cudgeller (Demigod Fighter)             Turns: 14585, Time: 00:33:20

Health: -2/92      AC: 16    Str: 35    XL:     11   Next: 87%
Magic:  19/19      EV: 10    Int: 10    God:
Gold:   1561       SH: 13    Dex: 19    Spells: 14/16 levels left

rFire    . . .     SeeInvis .   L - +4 morningstar (holy)
rCold    . . .     Faith    .   c - +0 kite shield
rNeg     . . .     Spirit   .   U - +1 troll leather armour
rPois    +         Reflect  .   z - +2 helmet
rElec    .         Harm     .   Q - +1 cloak {rPois}
rCorr    .         Rampage  .   q - +0 pair of gloves
Will     +....                  x - +2 pair of boots
Stlth    +.........             (no amulet)
HPRegen  1.25/turn              g - +6 ring of dexterity
MPRegen  0.16/turn              T - +6 ring of strength

@: no status effects
A: high mp 1, forlorn
a: no special abilities


You were on level 2 of the Orcish Mines.
You visited 2 branches of the dungeon, and saw 13 of its levels.
You also visited: Sewer.

You collected 1561 gold pieces.

Inventory:

Hand Weapons
 H - a +5 flail of protection
 L - a +4 morningstar of holy wrath (weapon)
Missiles
 y - 4 curare-tipped darts
 K - 5 javelins
 X - 4 throwing nets
 Z - 18 boomerangs (quivered)
Armour
 c - a +0 kite shield (worn)
 q - a +0 pair of gloves (worn)
 x - a +2 pair of boots (worn)
 z - a +2 helmet (worn)
 Q - a +1 cloak of poison resistance (worn)
 U - a +1 troll leather armour (worn)
 Y - a +2 ring mail of fire resistance
Jewellery
 e - a +6 ring of intelligence
 g - a +6 ring of dexterity (left hand)
 s - a +4 ring of protection
 u - a ring of see invisible
 P - a ring of flight
 T - a +6 ring of strength (right hand)
Wands
 r - a wand of paralysis (11)
 t - a wand of digging (4)
 A - a wand of acid (17)
 W - a wand of iceblast (4)
Scrolls
 h - 9 scrolls of teleportation
 i - 2 scrolls of holy word
 l - 2 scrolls of blinking
 p - a scroll of fog
 F - 2 scrolls of magic mapping
 R - 2 scrolls of fear
 S - 4 scrolls of identify
Potions
 d - a potion of might
 f - 7 potions of curing
 j - a potion of invisibility
 k - 4 potions of cancellation
 m - 4 potions of heal wounds
 n - 4 potions of brilliance {unknown}
 o - 2 potions of berserk rage {unknown}
 v - 3 potions of flight {unknown}
 w - 2 potions of ambrosia {unknown}
 B - a potion of lignification {unknown}
 C - a potion of degeneration {unknown}
 D - a potion of haste
 J - a potion of magic {unknown}
 M - a potion of mutation {unknown}
 V - 2 potions of attraction {unknown}


   Skills:
 + Level 7.3 Fighting
 - Level 5.8(7.6) Axes
 * Level 7.7(8.6) Maces & Flails
 + Level 6.2 Throwing
 + Level 7.3 Armour
 + Level 1.0 Dodging
 + Level 7.2 Shields
 + Level 3.2 Spellcasting
 + Level 3.7 Translocations
 + Level 6.3 Evocations


You had 14 spell levels left.
You knew the following spells:

 Your Spells              Type           Power      Damage    Failure   Level
a - Blink                 Tloc           N/A        N/A       26%         2

Your spell library contained the following spells:

 Spells                   Type           Power      Damage    Failure   Level
 Animate Skeleton         Necr           2%         N/A       63%         1
 Beastly Appendage        Tmut           2%         N/A       63%         1
 Corona                   Hex            1%         N/A       63%         1
 Magic Dart               Conj           4%         1d3       63%         1
 Pain                     Necr           4%         1d4       63%         1
 Portal Projectile        Hex/Tloc       10%        N/A       75%         3
 Call Imp                 Summ           1%         N/A       77%         2
 Corpse Rot               Necr/Air       N/A        N/A       77%         2
 Slow                     Hex            1%         N/A       77%         2
 Sublimation of Blood     Necr           0%         N/A       77%         2
 Wereblood                Tmut           1%         N/A       77%         2
 Conjure Flame            Conj/Fire      1%         6-21      94%         3
 Inner Flame              Hex/Fire       1%         N/A       94%         3
 Mephitic Cloud           Conj/Pois/Air  1%         N/A       94%         3
 Spider Form              Tmut/Pois      0%         N/A       94%         3
 Vampiric Draining        Necr           0%         2d6       94%         3
 Animate Dead             Necr           0%         N/A       100%        4
 Cause Fear               Hex            0%         N/A       100%        4
 Dispel Undead            Necr           1%         3d6       100%        4
 Ice Form                 Ice/Tmut       1%         N/A       100%        4
 Leda's Liquefaction      Hex/Erth       0%         N/A       100%        4
 Agony                    Necr           1%         N/A       100%        5
 Blade Hands              Tmut           0%         N/A       100%        5
 Borgnjor's Vile Clutch   Necr/Erth      0%         N/A       100%        5
 Excruciating Wounds      Necr           0%         N/A       100%        5


Dungeon Overview and Level Annotations

Branches:
Dungeon (11/15)            Temple (0/1) D:4            Lair (0/6) D:11
    Orc (2/2) D:10            Elf (0/3) Orc:2         Sewer (visited)

Shops:
D:11 ?

Annotations:
D:4 1 transporter
D:5 2 transporters, 1 runed translucent door, banchobear's ghost, amateur GnBe


Innate Abilities, Weirdness & Mutations

Your attributes grow dramatically as you level up.
You have an increased reservoir of magic. (+10% MP)
You shall have no god before yourself.


Message History

You closely miss the orc high priest.
The orc high priest is heavily wounded.
The sixfirhy barely misses you.
The sixfirhy hits you but does no damage.
The sixfirhy closely misses you. The sixfirhy barely misses you.
The orc high priest hits you but does no damage.
The sixfirhy hits you but does no damage.
The orc high priest prays.
You block the orc high priest's attack.
Your shield prevents you from hitting the orc high priest.
The orc high priest is heavily wounded.
The orc high priest barely misses you.
You hit the orc high priest.
The orc high priest is severely wounded.
The orc high priest misses you. The sixfirhy closely misses you.
You hit the orc high priest.
The orc high priest is severely wounded.
You block the sixfirhy's attack. x2; The sixfirhy hits you.
The sixfirhy shocks you! You block the sixfirhy's attack.
The orc high priest closely misses you.
The sixfirhy hits you but does no damage.
You completely miss the orc high priest.
The orc high priest is severely wounded.
The sixfirhy hits you! The sixfirhy shocks you!
You block the sixfirhy's attack. You block the orc high priest's attack.
The orc warrior hits you with a +0 long sword!
You block the orc high priest's attack.
You hit the orc high priest but do no damage.
The orc high priest is severely wounded.
The orc warrior hits you with a +0 long sword.
* * * LOW HITPOINT WARNING * * *
The orc high priest hits you with a +0 mace.
* * * LOW HITPOINT WARNING * * *
The orc warrior hits you with a +0 long sword!
* * * LOW HITPOINT WARNING * * *
You impale the orc high priest!!
You kill the orc high priest!
The sixfirhy disappears in a puff of smoke!
The orc warrior hits you with a +0 long sword!
You die...

.... ...... ................
###...............
##.................
#.................. ###
##................. ##.###
##.ยง................
###....####..@o...............
##.......#.[...)...[[..........
##.............#................
#................)..............
##....#.#..)....................
##....#.#..##)......).)........
# ##..#.....#.).[#..............
# #####.#.)#[..##......))......
# ###.[[)..########...#####


You could see an orc warrior.

Vanquished Creatures
  Harold (Orc:1)
  3 two-headed ogres
  Urug (D:10)
  An orc high priest (Orc:2)
  Pikel (D:6)
  4 orc knights
  A cyclops (D:11)
  Maurice (D:10)
  A kobold demonologist (D:11)
  2 komodo dragons (D:11)
  3 trolls
  2 wraiths
  A basilisk (D:11)
  5 wyverns
  9 yaks
  A steam dragon (D:11)
  Edmund (D:6)
  3 wargs
  An acid dragon (D:8)
  12 orc warriors
  2 hornet zombies
  An ice beast (D:7)
  5 ogres
  3 necrophages (D:11)
  A phantom (D:5)
  4 centaurs
  2 kobold brigands
  4 bullfrogs
  A wyvern zombie (D:7)
  A gnoll sergeant (D:5)
  A scorpion (D:5)
  5 killer bees (D:8)
  9 wights
  2 howler monkeys
  4 centaur zombies
  A hound (D:5)
  25 orc priests
  A jelly (D:6)
  5 iguanas
  Terence (D:3)
  19 orc wizards
  A killer bee zombie (D:8)
  A mummy (D:11)
  A hound skeleton (D:4)
  A howler monkey zombie (D:9)
  3 gnolls (D:5)
  A river rat (Sewer)
  5 adders
  2 white imps
  An ufetubus (D:7)
  2 worms (D:3)
  A dart slug (D:5)
  73 orcs
  3 endoplasms
  5 hobgoblins
  10 jackals
  A quokka (D:2)
  10 ball pythons
  9 bats
  10 frilled lizards
  2 goblins
  16 kobolds
  7 rats
316 creatures vanquished.

Vanquished Creatures (others)
  2 withered plants (D:11)
2 creatures vanquished.

Grand Total: 318 creatures vanquished

Notes
Turn   | Place    | Note
-------+----------+-------------------------------------------
     0 | D:1      | Hasart the Demigod Fighter began the quest for the Orb.
     0 | D:1      | Reached XP level 1. HP: 18/18 MP: 3/3
   616 | D:1      | Reached XP level 2. HP: 24/25 MP: 4/4
  1693 | D:2      | Reached XP level 3. HP: 19/31 MP: 5/5
  2084 | D:3      | Found a glowing drain.
  2098 | Sewer    | Entered a sewer
  2875 | D:3      | Noticed Terence
  2886 | D:3      | Killed Terence
  2887 | D:3      | Reached XP level 4. HP: 35/38 MP: 6/6
  3706 | D:4      | Found a staircase to the Ecumenical Temple.
  3959 | D:4      | Found a transporter.
  3959 | D:4      | Noticed a troll
  3960 | D:4      | Noticed a wraith
  4072 | D:4      | Reached XP level 5. HP: 37/45 MP: 7/7
  4149 | D:5      | Entered Level 5 of the Dungeon
  4149 | D:5      | Noticed an acid dragon
  4157 | D:5      | Found a transporter.
  4158 | D:5      | Noticed banchobear's ghost (amateur GnBe)
  4160 | D:5      | Found a transporter.
  4251 | D:5      | Found a runed translucent door.
  4251 | D:5      | Noticed an angel
  4376 | D:5      | Reached skill level 1 in Throwing
  4376 | D:5      | Reached XP level 6. HP: 39/51 MP: 8/8
  4613 | D:5      | Reached skill level 1 in Evocations
  4908 | D:6      | Noticed Pikel
  4924 | D:6      | Killed Pikel
  4925 | D:6      | Reached skill level 5 in Axes
  4925 | D:6      | Reached XP level 7. HP: 58/59 MP: 9/9
  5062 | D:6      | Identified Kikubaaqudgha's Almanac of Unholy Rites
  5222 | D:6      | Reached XP level 8. HP: 53/67 MP: 10/10
  6243 | D:6      | Noticed Edmund
  6249 | D:6      | Killed Edmund
  6508 | D:7      | Reached skill level 1 in Maces & Flails
  6520 | D:7      | Reached skill level 5 in Armour
  6663 | D:7      | Noticed a troll
  6671 | D:7      | Killed a troll
  6672 | D:7      | Reached skill level 5 in Fighting
  6777 | D:7      | Reached skill level 5 in Shields
  7115 | D:7      | Reached XP level 9. HP: 74/74 MP: 11/11
  7166 | D:7      | You fall into a shaft and drop 1 floor!
  7243 | D:8      | Identified the +7 hunting sling "Unkoploj" {venom, rF+}
 10372 | D:9      | Noticed a two-headed ogre
 10383 | D:9      | Killed a two-headed ogre
 10384 | D:9      | Reached skill level 5 in Maces & Flails
 10384 | D:9      | Reached XP level 10. HP: 81/83 MP: 13/13
 10589 | D:9      | Learned a level 2 spell: Blink
 10727 | D:10     | Entered Level 10 of the Dungeon
 10762 | D:10     | Noticed Maurice
 10763 | D:10     | Noticed Urug
 10772 | D:10     | Killed Maurice
 10775 | D:10     | Killed Urug
 10776 | D:10     | Reached skill level 5 in Throwing
 10776 | D:10     | Reached skill level 1 in Spellcasting
 10776 | D:10     | Reached skill level 1 in Translocations
 10776 | D:10     | Reached skill level 5 in Evocations
 11033 | D:10     | Found a staircase to the Orcish Mines.
 11182 | D:10     | Identified the +1 leather armour of the Realm of Zot
                  | {Dex+6}
 11522 | D:10     | Noticed a two-headed ogre
 11526 | D:10     | Killed a two-headed ogre
 11793 | D:11     | Noticed a two-headed ogre
 11799 | D:11     | Killed a two-headed ogre
 11979 | D:11     | Reached XP level 11. HP: 91/91 MP: 17/17
 12288 | D:11     | Found a staircase to the Lair.
 12570 | D:11     | Found Fefud's Magic Scroll Shop.
 13065 | Orc:1    | Entered Level 1 of the Orcish Mines
 13104 | Orc:1    | Noticed Harold
 13193 | Orc:1    | Noticed an orc knight
 13272 | D:10     | Killed an orc knight
 13335 | Orc:1    | Killed Harold
 13567 | Orc:2    | Entered Level 2 of the Orcish Mines
 13833 | Orc:2    | Found a staircase to the Elven Halls.
 14042 | Orc:2    | Noticed an orc knight
 14065 | Orc:2    | Killed an orc knight
 14104 | Orc:2    | Noticed an orc knight
 14136 | Orc:1    | Killed an orc knight
 14426 | Orc:2    | Noticed an orc knight
 14429 | Orc:2    | Noticed an orc high priest
 14516 | Orc:2    | Killed an orc knight
 14517 | Orc:2    | Reached skill level 1 in Dodging
 14571 | Orc:2    | Noticed an orc high priest
 14573 | Orc:2    | Noticed a sixfirhy
 14585 | Orc:2    | Killed an orc high priest
 14585 | Orc:2    | Slain by an orc warrior

Illustrated notes

Levels and vault maps discovered:
D:1:      elethiomel_arrival_maze, layout_loops_cross
D:2:      layout_basic
D:3:      layout_basic, chequers_temple_overflow_minitemple,
          cheibrodos_sewer_entry_sluice, uniq_terence
D:4:      layout_rooms, elyvilon_altar_5, minmay_temple_entry_large_hall,
          grunt_nemelex_the_gamble
D:5:      layout_rooms, gammafunk_ghost_arena, lemuel_angel_altar
D:6:      layout_basic, uniq_edmund, uniq_pikel
D:7:      layout_loops_ring, fedhas_bush_and_centaur_altar
D:8:      layout_loops_corners, grunt_ministairs_1
D:9:      layout_loops_ring
D:10:     layout_roguey, hiddenorc1_lemuel, uniq_urug, uniq_maurice
D:11:     layout_stronghold, erik_lair_dragon, serial_shops, shop,
          serial_undead, serial_undead_b, serial_undead_c, serial_undead_d,
          serial_undead_a
Orc:1:    layout_caves, uniq_harold
Orc:2:    st_orc_pillars, layout_caves, basic_altar

Skill      XL: |  1  2  3  4  5  6  7  8  9 10 11 |
---------------+----------------------------------+-----
Axes           | 2 3 5 |  5.8
Armour         | 3 4 5 6 7 |  7.3
Fighting       | 3 4 5 6 7 |  7.3
Shields        | 3 4 5 6 7 |  7.2
Throwing       | 1 2 3 4 5 6 |  6.2
Evocations     | 2 3 4 5 6 |  6.3
Maces & Flails | 2 5 6 7 |  7.7
Spellcasting   | 2 3 |  3.2
Translocations | 2 3 |  3.7
Dodging        | 1 |  1.0

Action                   |  1- 3 |  4- 6 |  7- 9 | 10-12 || total
-------------------------+-------+-------+-------+-------++-------
Melee: War axe           |   190 |   128 |    56 |       ||   374
       Flail             |       |       |   267 |       ||   267
       Morningstar       |       |       |    46 |   415 ||   461
Throw: Dart              |       |     5 |    34 |       ||    39
       Javelin           |       |       |       |    18 ||    18
       Boomerang         |       |       |       |    38 ||    38
Evoke: Wand              |       |       |       |     3 ||     3
  Use: Scroll            |       |       |    13 |     2 ||    15
Armor: Scale mail        |    89 |    92 |    30 |       ||   211
       Ring mail         |       |       |   185 |    35 ||   220
       Troll leather arm |       |       |       |   133 ||   133
Dodge: Dodged            |    71 |    49 |    77 |   140 ||   337
Block: Kite shield       |   113 |   101 |   230 |   321 ||   765

Table legend: (Time is in decaauts)
 A = Elapsed time spent in this place.
 B = Non-inter-level travel time spent in this place.
 C = Inter-level travel time spent in this place.
 D = Time resting spent in this place.
 E = Time spent auto-exploring this place.
 F = Levels seen in this place.
 G = Mean time per level.
                   A        B        C        D        E       F      G
               +--------+--------+--------+--------+--------+-----+--------+
         Total |  15093 |  14382 |    711 |   1250 |  10046 |  14 | 1078.1 |
       Dungeon |  13085 |  12401 |    684 |   1028 |   8979 |  11 | 1189.5 |
  Orcish Mines |   1337 |   1310 |     27 |     72 |    725 |   2 |  668.5 |
         Sewer |    671 |    671 |      0 |    150 |    342 |   1 |  671.0 |
               +--------+--------+--------+--------+--------+-----+--------+

Top non-repeatable levels by time:
     D:8: 1958 daAuts
     D:6: 1657 daAuts
    D:10: 1367 daAuts
    D:11: 1290 daAuts
     D:7: 1206 daAuts
     D:1: 1065 daAuts
     D:2: 1061 daAuts
     D:9: 1046 daAuts
     D:4: 880 daAuts
   Orc:2: 851 daAuts
     D:3: 785 daAuts
     D:5: 765 daAuts
   Sewer: 671 daAuts
   Orc:1: 486 daAuts
